 Seeded DCSS version 0.29.1-15-g9cfb28693d (webtiles) character file.

Game seed: 10705080513492541372 (custom seed)

214 Psyclone the Cutter (level 5, 0/31 HPs)
             Began as an Octopode Conjurer on Sept 25, 2023.
             Was an Initiate of Gozag.
             Slain by an iguana (11 damage)
             ... on level 5 of the Dungeon.
             The game lasted 00:05:54 (3590 turns).

Psyclone the Cutter (Octopode Conjurer)             Turns: 3590, Time: 00:05:54

Health: 0/31       AC:  1    Str: 12    XL:     5   Next: 91%
Magic:  17/17      EV: 13    Int: 22    God:    Gozag
Gold:   214        SH:  0    Dex: 17    Spells: 1/8 levels left

rFire   . . .      SeeInvis .   a - +10 dagger of Grandeur {holy, rElec MP+9}
rCold   . . .      Faith    .   (no shield)
rNeg    . . .      Spirit   .   (helmet restricted)
rPois   .          Reflect  .   s - amulet of regeneration
rElec   +          Harm     .   e - +4 ring of slaying
rCorr   .          Rampage  .   n - +4 ring of slaying
Will    +....                   b - +6 ring of dexterity
Stlth   +++.......              p - ring of wizardry
HPRegen 0.90/turn               r - +6 ring of strength
MPRegen 0.15/turn               t - ring of willpower
                                (no ring)
                                (no ring)

@: gold aura
A: almost no armour, amphibious, 8 rings, camouflage 1, gelatinous body 1,
(nimble swimmer 1), tentacles
a: Renounce Religion, Potion Petition, Call Merchant, Bribe Branch


You were on level 5 of the Dungeon.
You worshipped Gozag.
Gozag was aware of your devotion.
You visited 2 branches of the dungeon, and saw 6 of its levels.

You collected 271 gold pieces.
You paid 57 gold pieces to Gozag.

Inventory:

Hand Weapons
 a - the +10 dagger of Grandeur (weapon) {holy, rElec MP+9}
   (You found it on level 2 of the Dungeon)

   It has been blessed by the Shining One to cause great damage to the undead
   and demons.
   rElec:     It insulates you from electricity.
   MP:        It affects your magic capacity (+9).
Jewellery
 b - a +6 ring of dexterity (on tentacle)
 e - a +4 ring of slaying (left tentacle)
 n - a +4 ring of slaying (right tentacle)
 p - a ring of wizardry (on tentacle)
 r - a +6 ring of strength (on tentacle)
 s - an amulet of regeneration (around mantle)
 t - a ring of willpower (on tentacle)
Scrolls
 d - a scroll of torment {unknown}
 f - a scroll of silence {unknown}
 g - a scroll of teleportation {unknown}
 k - a scroll of fog {unknown}
 m - a scroll of magic mapping {unknown}
 q - 3 scrolls of identify {unknown}
Potions
 c - 3 potions of flight {unknown}
 h - 3 potions of curing {unknown}
 i - a potion of magic
 j - 2 potions of mutation {unknown}
 l - 2 potions of resistance {unknown}
 o - 2 potions of haste {unknown}
 u - a potion of ambrosia {unknown}


   Skills:
 + Level 5.4 Short Blades
 - Level 2.0 Dodging
 - Level 2.6 Stealth
 - Level 2.0 Spellcasting
 - Level 4.0 Conjurations


You had one spell level left.
You knew the following spells:

 Your Spells              Type           Power      Damage    Failure   Level
a - Magic Dart            Conj           76%        1d6       1%          1
b - Searing Ray           Conj           38%        2d5       1%          2
d - Fulminant Prism       Conj/Hex       5%         3d7       24%         4

Your spell library contained the following spells:

 Spells                   Type           Power      Damage    Failure   Level
 Dazzling Flash           Conj/Hex       22%        N/A       8%          3
 Call Canine Familiar     Summ           2%         N/A       16%         3
 Portal Projectile        Hex/Tloc       4%         N/A       16%         3
 Iskenderun's Mystic Bla  Conj/Tloc      11%        2d4       24%         4
 Leda's Liquefaction      Hex/Erth       1%         N/A       45%         4


Dungeon Overview and Level Annotations

Branches:
Dungeon (5/15) Zot: 26505  Temple (1/1) D:4 Zot: 5918

Altars:
Ashenzari
Dithmenos
Elyvilon
Fedhas
Gozag
Hepliaklqana
Kikubaaqudgha
Makhleb
Nemelex Xobeh
Okawaru
Ru
Sif Muna
Trog
Uskayaw
Wu Jian
Xom
Yredelemnul
Zin
The Shining One

Shops:
D:4 !


Innate Abilities, Weirdness & Mutations

You cannot wear most types of armour.
You are amphibious.
You can wear up to eight rings at the same time.
Your skin changes colour to match your surroundings (Stealth+).
Your rubbery body absorbs attacks. (AC +1, EV +1)
((You are camouflaged when in or above water. (Stealth+)))
You have tentacles for arms and can constrict up to eight enemies at once.


Message History

a +0 dagger; a +0 sling
There is a stone staircase leading up here.
You open the door.
There is an open door here.
There is an open door here.
Partly explored, can't reach some places.
Partly explored, can't reach some places.
(D) Dungeon (T) Temple
Where to? (Enter - D:4, ? - help)
There is an open door here.
There is a stone staircase leading down here.
You climb downwards.
There is a stone staircase leading up here.
A gnoll comes into view. It is wielding a +0 spear.
A gnoll comes into view. It is wielding a +0 flail.
A gnoll bouda, an iguana and an orc come into view.
The orc is wielding a +0 hand axe of electrocution.
The iguana hisses angrily.
A gnoll comes into view. It is wielding a +0 club.
The gnoll bouda barks out a call to the hunt!
The gnolls pick up the pace!
You hear a shout! x2; The gnoll shouts!
You hear an angry hiss.
You hear a shout! x2
The iguana bites you.
You take 3 damage, and have 28/31 hp.
The gnoll attacks as you move away! The gnoll hits you with a +0 flail.
The gnoll closely misses you.
You take 3 damage, and have 26/31 hp.
The gnoll attacks as you move away! The gnoll hits you with a +0 flail.
You take 4 damage, and have 22/31 hp.
You puncture the gnoll! You grab the gnoll. You squeeze the gnoll.
You kill the gnoll!
An adder comes into view.
The iguana bites you!
Things that are here:
9 gold pieces; a +0 flail You take 12 damage, and have 11/31 hp.
MASSIVE DAMAGE!!
The iguana attacks as you move away! The iguana bites you!
You die...
Your body crumbles into a pile of gold.

$ .. .. ... ####
###.####...
.......... g
#......... ..
#...##.#.# ..o #
#..^##S#.# ..
#####.#...##@#.##.# #
.......<.....lgg..#.#
#####.##..##.#.##...#
#.....#.........#
###...####.####...
#........# ##########


You could see a gnoll bouda, an iguana, a gnoll (swift) and an adder.

Vanquished Creatures
  Natasha (twice) (D:3)
  2 orc wizards (D:4)
  A gnoll (D:5)
  An adder (D:4)
  2 worms (D:3)
  A dart slug (D:4)
  11 orcs
  5 bats
  5 endoplasms
  A giant cockroach (D:1)
  5 goblins
  8 hobgoblins
  6 quokkas
  10 ball pythons
  A frilled lizard (D:1)
  4 kobolds
  4 rats
69 creatures vanquished.

Notes
Turn   | Place    | Note
-------+----------+-------------------------------------------
     0 | D:1      | Psyclone the Octopode Conjurer began the quest for the Orb.
     0 | D:1      | Reached XP level 1. HP: 11/11 MP: 3/3
    96 | D:1      | Reached skill level 1 in Short Blades
   381 | D:1      | Reached XP level 2. HP: 17/17 MP: 1/5
   575 | D:2      | Reached skill level 2 in Short Blades
   739 | D:2      | Identified the +10 dagger of Grandeur {holy, rElec MP+9}
  1012 | D:2      | Reached XP level 3. HP: 21/21 MP: 6/6
  1458 | D:1      | Found a faded altar of an unknown god.
  1541 | D:1      | Learned a level 2 spell: Searing Ray
  1952 | D:3      | Reached skill level 3 in Short Blades
  2094 | D:3      | Reached XP level 4. HP: 27/27 MP: 7/7
  2125 | D:3      | Noticed Natasha
  2128 | D:3      | Killed Natasha
  2129 | D:3      | Reached skill level 4 in Short Blades
  2358 | D:3      | Noticed Natasha
  2368 | D:3      | Killed Natasha
  2369 | D:3      | Reached XP level 5. HP: 17/31 MP: 8/8
  2600 | D:3      | Learned a level 4 spell: Fulminant Prism
  2783 | D:4      | Found a staircase to the Ecumenical Temple.
  2811 | Temple   | Entered the Ecumenical Temple
  2872 | Temple   | Became a worshipper of Gozag Ym Sagoz the Greedy
  3093 | D:4      | Reached skill level 5 in Short Blades
  3161 | D:4      | Found Qaureyw's Distillery.
  3571 | D:5      | Entered Level 5 of the Dungeon
  3590 | D:5      | Slain by an iguana

Illustrated notes

Levels and vault maps discovered:
D:1:      ebering_hopf_link, layout_basic, ebering_ecumenical_altar_ruins
D:2:      minmay_general_purpose_star, layout_rooms, minmay_cut_off
D:3:      layout_basic, uniq_natasha
D:4:      layout_basic, temple_fountains, serial_glass, glass_columns_a,
          glass_columns_c, feat_on_display, item_on_display_a, serial_shops,
          nicolae_shop_waterfront, minmay_door_square, saegor_snake_ambush
D:5:      layout_basic, slow_altar_2, uniq_menkaure, uniq_ijyb,
          uniq_blork_the_orc, uniq_crazy_yiuf_cottage
Temple:   hellmonk_temple_of_storms

Skill      XL: |  1  2  3  4  5 |
---------------+----------------+-----
Short Blades   | 1 2 3 4 5 |  5.4
Dodging        | |  2.0
Stealth        | |  2.6
Spellcasting   | |  2.0
Conjurations   | |  4.0

Action                   |  1- 3 |  4- 6 || total
-------------------------+-------+-------++-------
Melee: Unarmed           |     2 |       ||     2
       Constrict         |     4 |    10 ||    14
       Dagger            |    20 |    38 ||    58
       Tentacles         |     3 |     6 ||     9
 Cast: Magic Dart        |    47 |     1 ||    48
 Stab: Sleeping          |     2 |     5 ||     7
Armor: Skin              |     4 |       ||     4
Dodge: Dodged            |     8 |    20 ||    28
